 Dungeon Crawl Stone Soup version 0.18-a0-1180-g64ccc1e (webtiles) character file.

20934 sugabear the Nimble (level 12, -12/56 HPs)
             Began as a Vine Stalker Gladiator on Jan 27, 2016.
             Was an Elder of Qazlal.
             Mangled by an orc warrior
             ... wielding a +0 battleaxe
              (13 damage)
             ... while paralysed
             ... on level 2 of the Orcish Mines.
             The game lasted 00:28:19 (11216 turns).

sugabear the Nimble (Vine Stalker Gladiator)       Turns: 11216, Time: 00:28:20

Health: -12/56     AC: 32    Str: 19 (24) XL:     12   Next: 84%
Magic:  0/17       EV:  2    Int:  0 (8)  God:    Qazlal [****..]
Gold:   947        SH:  0    Dex: 20 (21) Spells: 0 memorised, 11 levels left

rFire  + + .     SeeInvis +     C - +5 broad axe of Righteous Anger {freeze, Str+3 SInv}
rCold  + + .     Gourm    .     a - +9 armour of the Dragon King {rPois rF+ rC+ MR+}
rNeg   . . .     Faith    .     (no shield)
rPois  +         Spirit   +     c - +0 helmet
rElec  .         Dismiss  +     r - +0 cloak
rCorr  .         Reflect  .     n - +0 pair of gloves
SustAt .         Harm     .     I - +0 pair of boots
MR     +++..                    Y - amulet of dismissal (curse)
Stlth  ..........               s - ring of protection from magic
                                Z - ring of protection from fire

@: paralysed, slowed, lost intelligence, repel missiles, extremely resistant to
hostile enchantments, extremely unstealthy
A: fangs 3, slimy green scales 1, thin skeletal structure 1, cold resistance 1,
deterioration 2, frail 1, sense surroundings 1, regeneration 3, strong 1,
evolution 1, magic shield, antimagic bite, no device heal 3, rot immunity,
MP-powered wands
a: Upheaval, Elemental Force, Renounce Religion


You were on level 2 of the Orcish Mines.
You worshipped Qazlal.
Qazlal was greatly pleased with you.
You were not hungry.

You visited 3 branches of the dungeon, and saw 14 of its levels.

You collected 1298 gold pieces.
You spent 351 gold pieces at shops.

Inventory:

Hand Weapons
 B - a +3 quarterstaff
 C - the +5 broad axe of Righteous Anger (weapon) {freeze, Str+3 SInv}
   (You bought it in a shop on level 1 of the Orcish Mines)

   It has been specially enchanted to freeze those struck by it, causing extra
   injury to most foes and up to half again as much damage against particularly
   susceptible opponents.
   It can also slow down cold-blooded creatures.
   It affects your strength (+3).
   It lets you see invisible.
 F - the +5 dagger "Yryz" {venom, rElec}
   (You found it on level 4 of the Dungeon)

   It poisons the flesh of those it strikes.
   It insulates you from electricity.
 M - a +4 war axe of chopping
 U - a +2 falchion of slicing
Missiles
 d - 3 throwing nets (quivered)
 A - 3 javelins
 G - 19 tomahawks
Armour
 a - the +9 armour of the Dragon King (worn) {rPois rF+ rC+ MR+}
   (You found it on level 7 of the Dungeon)

   It protects you from fire.
   It protects you from cold.
   It protects you from poison.
   It affects your resistance to hostile enchantments.
 c - a +0 helmet (worn)
 n - a +0 pair of gloves (worn)
 r - a +0 cloak (worn)
 I - a +0 pair of boots (worn)
Jewellery
 i - a +4 amulet of reflection
 o - an uncursed ring of resist corrosion
 p - an uncursed ring of protection from cold
 q - an uncursed ring of ice
 s - a ring of protection from magic (right hand)
 t - an uncursed ring of fire
 W - an uncursed amulet of magic regeneration
 Y - a cursed amulet of dismissal (around neck)
 Z - a ring of protection from fire (left hand)
Wands
 g - a wand of disintegration (18/24)
 K - a wand of random effects (23/48)
 P - a wand of frost (25/48)
 R - a wand of disintegration (18/24)
Scrolls
 j - 12 scrolls of identify
 k - a scroll of enchant weapon
 l - 2 scrolls of remove curse
 v - 4 scrolls of teleportation
 y - 2 scrolls of immolation
 H - a scroll of fear
 N - 2 scrolls of magic mapping
 S - 2 scrolls of recharging
 T - a scroll of fog
Potions
 b - a potion of haste
 e - 13 potions of curing
 m - 3 potions of agility
 x - a potion of lignification
 z - 2 potions of might
 D - 2 potions of berserk rage
Comestibles
 f - 7 bread rations
 h - 8 meat rations
 u - 4 beef jerkies
 L - 5 slices of pizza


   Skills:
 + Level 7.3 Fighting
 + Level 4.2 Short Blades
 + Level 6.7(7.2) Axes
   Level 4.0(5.9) Maces & Flails
 + Level 2.8 Throwing
 + Level 8.0 Armour
 + Level 10.8 Dodging
 - Level 2.4 Stealth
 * Level 6.3 Invocations


You had 11 spell levels left.
You didn't know any spells.

Dungeon Overview and Level Annotations

Branches:
Dungeon (11/15)            Temple (1/1) D:7            Lair (0/8) D:9
    Orc (2/2) D:11            Elf (0/3) Orc:2

Altars:
Ashenzari
Cheibriados
Dithmenos
Elyvilon
Fedhas
Gozag
Kikubaaqudgha
Makhleb
Nemelex Xobeh
Okawaru
Pakellas
Qazlal
Ru
Sif Muna
Trog
Vehumet
Xom
Yredelemnul
Zin
The Shining One

Shops:
D:5 }%   D:11 :   Orc:1 (


Innate Abilities, Weirdness & Mutations

You have razor-sharp teeth.
You regenerate.
When hurt, damage is shared between your health and your magic reserves.
Your bite disrupts and absorbs the magic of your enemies.
Potions and wands cannot restore your health.
You are immune to rotting.
You are partially covered in slimy green scales (AC +2).
You have a somewhat thin skeletal structure (Dex +2, Stealth).
Your flesh is cold resistant.
Your body often deteriorates upon taking damage.
You are frail (-10% HP).
You passively map a small area around you.
Your muscles are strong. (Str +2)
You evolve.
You expend magic power (3 MP) to strengthen your wands.


Message History

The orc knight is almost dead.
You hit the orc warrior but do no damage.
Your armour of the Dragon King prevents you from hitting the orc warrior.
The orc warrior is lightly wounded.
The orc knight hits you but does no damage.
You block the orc warrior's attack. The orc warrior barely misses you.
Unknown command.
You hit the orc knight but do no damage.
Your bite misses the orc knight.
The orc knight is almost dead.
You completely miss the orc warrior.
The orc warrior is lightly wounded.
You closely miss the orc warrior.
The orc knight roars a battlecry!
The orc warrior goes into a battle-frenzy!
The orc knight hits you with an uncursed great mace!
* * * LOW HITPOINT WARNING * * *
Your body deteriorates!
You feel dopey.
You have lost your intelligence.
The orc warrior hits you with a battleaxe!
You die...

.#.......oo.#......#
##.#.####.
####..#.)..o...#.,
###..##.#..
##.#...§.o.(##
####........#§
#.......##o..#
##.#.....##..#.
##....####.4(#
#..§......#§... ###.##
##.)## ##§......##....
### #..)# ##..#...##....
##...#####>.....#.#....
#...§o@##....#.........
#..#.o)o).....#...#.#..
#...##§.§.........##...#
##.#,##................<
*
#.,,...................
*
..,.#..................
.#.. ...................
. ..........#........< *
.....................


You could see an orc knight and 2 orc warriors.

Vanquished Creatures
  3 orc high priests
  Urug (D:11)
  A hill giant (D:11)
  3 orc knights (Orc:2)
  2 orc sorcerers
  An ugly thing (D:11)
  An elephant (D:9)
  A gargoyle (D:11)
  A kobold demonologist (D:11)
  A troll (Orc:2)
  3 two-headed ogres
  A vampire (D:9)
  A basilisk (D:11)
  6 yaks (D:11)
  A hungry ghost (D:11)
  A hippogriff (D:10)
  A warg (Orc:1)
  A soldier ant (D:10)
  A water moccasin (D:5)
  Duvessa (D:5)
  19 orc warriors
  2 sky beasts
  A phantom (D:8)
  4 ice beasts
  7 ogres
  2 centaurs
  A crocodile (D:9)
  8 giant frogs
  3 scorpions
  Dowan (D:5)
  5 killer bees (D:9)
  7 wights
  5 crimson imps
  A giant frog zombie (D:11)
  A quasit (D:8)
  2 centaur zombies
  A hound (D:8)
  3 giant frog skeletons
  2 gnoll shamans
  A jelly (D:7)
  18 orc wizards
  24 orc priests
  4 centaur skeletons
  3 iguanas
  8 worker ants
  A sheep (D:9)
  A hound zombie (D:7)
  A hound skeleton (D:11)
  A worker ant zombie (D:11)
  15 adders
  7 gnolls
  6 shadow imps
  An ooze (D:5)
  2 adder zombies (D:5)
  A worm (D:2)
  9 giant geckos
  109 orcs
  7 bats
  A giant cockroach (D:1)
  10 goblins
  10 hobgoblins
  14 jackals
  6 quokkas
  2 ball pythons
  2 giant gecko skeletons
  5 giant newts
  17 kobolds
  A quokka skeleton (D:7)
  A quokka zombie (D:7)
  8 rats
403 creatures vanquished.

Vanquished Creatures (collateral kills)
  2 orcs (D:7)
2 creatures vanquished.

Vanquished Creatures (others)
  A lightning spire (D:6)
  3 bushes (D:6)
4 creatures vanquished.

Grand Total: 409 creatures vanquished

Notes
Turn   | Place    | Note
--------------------------------------------------------------
     0 | D:1      | sugabear the Vine Stalker Gladiator began the quest for the Orb.
     0 | D:1      | Reached XP level 1. HP: 11/11 MP: 2/2
   165 | D:1      | Reached XP level 2. HP: 15/15 MP: 3/3
   313 | D:1      | Reached skill level 3 in Maces & Flails
   840 | D:2      | Reached XP level 3. HP: 18/18 MP: 4/4
  1070 | D:2      | Found a glowing golden altar of the Shining One.
  1221 | D:2      | Reached XP level 4. HP: 21/23 MP: 5/5
  1268 | D:2      | Found an iron altar of Okawaru.
  1523 | D:2      | Reached skill level 1 in Armour
  1916 | D:3      | Reached XP level 5. HP: 26/26 MP: 6/6
  2559 | D:4      | Gained mutation: You heal very quickly. [Vine Stalker growth]
  2559 | D:4      | Reached XP level 6. HP: 26/32 MP: 7/7
  2635 | D:4      | Got an iridescent dagger
  2636 | D:4      | Identified the +5 dagger "Yryz" {venom, rElec} (You found it on level 4 of the Dungeon)
  2976 | D:5      | Entered Level 5 of the Dungeon
  2985 | D:5      | Reached skill level 4 in Maces & Flails
  3023 | D:5      | Found a sacrificial altar of Ru.
  3195 | D:5      | Noticed a water moccasin
  3209 | D:5      | Killed a water moccasin
  3209 | D:5      | Reached XP level 7. HP: 25/35 MP: 6/8
  3296 | D:5      | Reached skill level 1 in Short Blades
  3296 | D:5      | Reached skill level 1 in Stealth
  3332 | D:5      | Found Zumm's Gadget Shoppe.
  3383 | D:5      | Noticed Dowan
  3384 | D:5      | Noticed Duvessa
  3394 | D:5      | Killed Dowan
  3402 | D:5      | Killed Duvessa
  3453 | D:5      | Found Zexaug's Food Emporium.
  4174 | D:6      | Gained mutation: You have razor-sharp teeth. [Vine Stalker growth]
  4174 | D:6      | Reached XP level 8. HP: 40/40 MP: 9/9
  4203 | D:6      | Found a burning altar of Makhleb.
  4407 | D:6      | Found an oddly glowing altar of Pakellas.
  4408 | D:6      | Noticed a deep elf annihilator
  4443 | D:6      | Reached skill level 5 in Dodging
  4586 | D:6      | Found a shimmering altar of Xom.
  4809 | D:6      | Reached skill level 6 in Dodging
  5081 | D:7      | Reached XP level 9. HP: 45/45 MP: 10/10
  5387 | D:7      | Found a blossoming altar of Fedhas.
  5453 | D:7      | Found a glowing silver altar of Zin.
  5669 | D:7      | Found a staircase to the Ecumenical Temple.
  5679 | D:7      | Found a white marble altar of Elyvilon.
  5681 | Temple   | Entered the Ecumenical Temple
  5748 | Temple   | Became a worshipper of Qazlal Stormbringer
  5973 | D:7      | Reached skill level 1 in Invocations
  6147 | D:8      | Reached skill level 5 in Armour
  6200 | D:8      | Noticed a two-headed ogre
  6219 | D:8      | Killed a two-headed ogre
  6219 | D:8      | Reached skill level 7 in Dodging
  6367 | D:8      | Reached skill level 5 in Fighting
  6453 | D:8      | Reached * piety under Qazlal
  6705 | D:8      | Reached XP level 10. HP: 48/51 MP: 12/12
  6968 | D:8      | Gained mutation: You are partially covered in slimy green scales (AC +2). [mutagenic meat]
  6969 | D:8      | Gained mutation: Your body sometimes deteriorates upon taking damage. [mutagenic meat]
  7330 | D:9      | Found a burning altar of Makhleb.
  7428 | D:9      | Found a staircase to the Lair.
  7430 | D:9      | Noticed an elephant
  7431 | D:9      | Reached ** piety under Qazlal
  7441 | D:9      | Killed an elephant
  7441 | D:9      | Reached skill level 1 in Axes
  7931 | D:9      | You fall through a shaft for 2 floors!
  7952 | D:11     | Gained mutation: Your flesh is cold resistant. [potion of beneficial mutation]
  7955 | D:11     | Gained mutation: You have a somewhat thin skeletal structure (Dex +2, Stealth). [potion of mutation]
  7955 | D:11     | Gained mutation: You evolve. [potion of mutation]
  7955 | D:11     | Gained mutation: You are frail (-10% HP). [potion of mutation]
  7969 | D:11     | Reached skill level 10 in Dodging
  7969 | D:11     | Reached XP level 11. HP: 50/50 MP: 14/14
  8085 | D:11     | Noticed a hill giant
  8159 | D:11     | Killed a hill giant
  8292 | D:11     | Noticed a brown ugly thing
  8323 | D:11     | Killed a brown ugly thing
  8323 | D:11     | Gained mutation: You regenerate. [Vine Stalker growth]
  8323 | D:11     | Reached XP level 12. HP: 12/55 MP: 9/16
  8410 | D:11     | Found Kadoraud's Book Shop.
  8458 | D:11     | Found a staircase to the Orcish Mines.
  8463 | D:11     | Reached *** piety under Qazlal
  8852 | D:10     | Entered Level 10 of the Dungeon
  8906 | D:10     | Gained mutation: Your body often deteriorates upon taking damage. [potion of mutation]
  8906 | D:10     | Gained mutation: You expend magic power (3 MP) to strengthen your wands. [potion of mutation]
  8906 | D:10     | Gained mutation: Your muscles are strong. (Str +2) [potion of mutation]
 10012 | Orc:1    | Entered Level 1 of the Orcish Mines
 10012 | Orc:1    | Noticed an orc high priest
 10015 | Orc:1    | Noticed Urug
 10018 | Orc:1    | Reached skill level 5 in Invocations
 10029 | D:11     | Killed an orc high priest
 10031 | D:11     | Killed Urug
 10580 | Orc:2    | Entered Level 2 of the Orcish Mines
 10640 | Orc:2    | Reached skill level 5 in Axes
 10642 | Orc:1    | Found Exkawk's Antique Weapon Emporium.
 10655 | Orc:1    | Reached **** piety under Qazlal
 10658 | Orc:1    | Gained mutation: You passively map a small area around you. [evolution]
 10670 | Orc:1    | Bought a steaming broad axe for 351 gold pieces
 10670 | Orc:1    | Identified the +5 broad axe of Righteous Anger {freeze, Str+3 SInv} (You bought it in a shop on level 1 of the Orcish Mines)
 10944 | Orc:2    | Found a staircase to the Elven Halls.
 11062 | Orc:2    | Noticed an orc high priest
 11066 | Orc:2    | Killed an orc high priest
 11172 | Orc:2    | Noticed an orc high priest
 11204 | Orc:2    | Killed an orc high priest
 11216 | Orc:2    | HP: 1/56 [orc knight/uncursed great mace (11)]
 11216 | Orc:2    | Lost intelligence.
 11216 | Orc:2    | Mangled by an orc warrior

Vault maps used:
D:1:      roderic_crop_circles_arrival_small, corexii_item_surrounded_by_moat,
          interstate_on_off, minmay_misc_feat_rugged, minmay_tree_intersection
D:2:      overflow_temple_1_default, okawaru_ov_weapons_minmay
D:4:      corexii_shantytown, first_bread
D:5:      lemuel_crystal_altar, serial_shops, nicolae_shop_stone, shop,
          uniq_duvessa
D:6:      lemuel_round_altar, basic_altar, hex_tiny,
          gammafunk_pakellas_spire_experiment
D:7:      overflow_temple_1_default, nicolae_overflow_hidden_temple,
          fedhas_altar_4, minmay_temple_entry_purple_smoke
D:8:      grunt_pizzeria, kennysheep_potato
D:9:      kennysheep_mini_moat, david_lair_generic, kennysheep_generic_room_12
D:11:     david_orc_2, special_room, serial_shops, shop, grunt_ministairs_6
Temple:   eino_temple_water_12
Orc:1:    serial_shops, shop_fountains, nicolae_orc_bridge_out, uniq_urug
Orc:2:    st_orc_pillars

Action                   |  1- 3 |  4- 6 |  7- 9 | 10-12 || total
-------------------------+-------+-------+-------+-------++-------
Melee: Flail             |    83 |   132 |       |       ||   215
       Dagger            |       |    56 |   427 |     7 ||   490
       War axe           |       |       |       |   340 ||   340
       Broad axe         |       |       |       |    92 ||    92
Throw: Tomahawk          |       |     4 |    10 |       ||    14
Invok: Upheaval          |       |       |       |     5 ||     5
  Use: Scroll            |       |       |    14 |       ||    14
       Potion            |       |       |       |    17 ||    17
 Stab: Sleeping          |     1 |     2 |       |       ||     3
       Distracted        |       |       |     1 |       ||     1
  Eat: Chunk             |     1 |     6 |    12 |    13 ||    32
       Pizza             |       |       |       |     5 ||     5
       Royal jelly       |       |       |       |     1 ||     1
